 Dungeon Crawl Stone Soup version 0.31.0-11-ge490571c62 (webtiles) character file.

Game seed: 909856176305961156

35 qw the Shooter (level 3, 0/15 (20) HPs)
             Began as a Deep Elf Hunter on Feb 4, 2024.
             Slain by Terence
             ... wielding the +7 Throatcutter {drain, coup de grace}
              (1 damage)
             ... on level 2 of the Dungeon.
             The game lasted 00:00:03 (1070 turns).

qw the Shooter (Deep Elf Hunter)                    Turns: 1070, Time: 00:00:03

HP:   0/15 (20)     AC:  3    Str: 10    XL:     3   Next: 17%
MP:   5/5           EV: 12    Int: 13    God:
Gold: 49            SH:  0    Dex: 18    Spells: 2/2 levels left

rFire   . . .        a - +0 shortbow
rCold   . . .        (shield currently unavailable)
rNeg    . . .        c - +0 leather armour
rPois   .            (no helmet)
rElec   .            (no cloak)
rCorr   .            (no gloves)
SInv    .            (no boots)
Will    .....        (no amulet)
Stlth   ++           (no ring)
HPRegen 0.22/turn    (no ring)
MPRegen 0.09/turn

%: no passive effects
@: very heavily drained
A: no striking features
a: no special abilities


You were on level 2 of the Dungeon.
You visited 1 branch of the dungeon, and saw 2 of its levels.

You collected 49 gold pieces.


   Skills:
 - Level 1.5 Fighting
 + Level 6.8 Ranged Weapons
 - Level 2.4 Dodging
 - Level 1.2 Stealth


You had 2 spell levels left.
You didn't know any spells.
Your spell library was empty.

Inventory:

Hand Weapons
 a - a +0 shortbow (weapon)
Armour
 c - a +0 leather armour (worn)
Scrolls
 b - a scroll of fear {unknown}
Potions
 e - a potion of might {unknown}
 f - a potion of enlightenment {unknown}

Dungeon Overview and Level Annotations

Branches:
Dungeon (2/15)

Altars:

Annotations:
D:2 Terence


Message History

HP restored.
Found an escape hatch in the floor.
Found a robe.
You now have 49 gold pieces (gained 14).
Found a battleaxe.
You see here a +0 battleaxe.
Found a club.
Terence the Incautious comes into view.
He is wielding the +7 Throatcutter {drain, coup de grace}.
You shoot an arrow.
The arrow hits Terence but does no damage.
Terence shouts!
You shoot an arrow. The arrow hits Terence.
Terence is moderately wounded.
You shoot an arrow.
The arrow hits Terence but does no damage.
Terence is moderately wounded.
You shoot an arrow. The arrow closely misses Terence.
You shoot an arrow.
The arrow hits Terence but does no damage.
Terence is moderately wounded.
You shoot an arrow. The arrow hits Terence.
Terence is moderately wounded.
Terence hits you with the +7 Throatcutter {drain, coup de grace}!
You feel drained.
You shoot an arrow.
The arrow hits Terence but does no damage.
Terence is moderately wounded.
Terence hits you with the +7 Throatcutter {drain, coup de grace}.
You feel drained.
You shoot an arrow. The arrow hits Terence.
Terence is severely wounded.
Terence completely misses you.
You shoot an arrow.
The arrow hits Terence but does no damage.
Terence is severely wounded.
Terence screams, "I'm going to kill you!"
Terence hits you with the +7 Throatcutter {drain, coup de grace}.
You feel drained.
You die...
Terence says, "Time to find some more victims."

#.##. ...# #.##. #..###
#######.##. #....
....)....#. #...#
#######.... #...#
######....
######...#####........#
#.....@............#..#
######@..#####.###.#..#
#............[.###(#..#
######................#
##.#####.###......
######.# #.#........
#....).# #.#.#.#.###
######.# #....<#.# #.#
###.###.# #.# #.# #.#


You could see Terence.

Vanquished Creatures
  A dart slug (D:1)
  An endoplasm (D:1)
  3 giant cockroaches (D:1)
  3 goblins (D:1)
  4 hobgoblins (D:1)
  4 jackals (D:2)
  2 quokkas
  2 ball pythons (D:1)
  3 bats (D:1)
  2 frilled lizards (D:1)
  2 kobolds (D:1)
  3 rats (D:1)
30 creatures vanquished.

Notes
Turn   | Place    | Note
-------+----------+-------------------------------------------
     0 | D:1      | qw the Deep Elf Hunter began the quest for the Orb.
     0 | D:1      | Reached XP level 1. HP: 12/12 MP: 3/3
     0 | D:1      | 0 ||| qw: Version: 0.3-a-160-g6735b56
     0 | D:1      | 0 ||| qw: Game counter: 5573
     0 | D:1      | 0 ||| qw: Melee chars always use a shield: true
     0 | D:1      | 0 ||| qw: God list: Okawaru
     0 | D:1      | 0 ||| qw: Allow faded altars: false
     0 | D:1      | 0 ||| qw: Do Orc after clearing Dungeon:15 true
     0 | D:1      | 0 ||| qw: Do second Lair branch before Depths: true
     0 | D:1      | 0 ||| qw: Lair rune preference: random
     0 | D:1      | 0 ||| qw: Goals: Normal
     0 | D:1      | 0 ||| PLANNING D:1-11
   105 | D:1      | Found a faded altar of an unknown god.
   159 | D:1      | Reached XP level 2. HP: 16/16 MP: 4/4
   280 | D:1      | Reached skill level 6 in Ranged Weapons
   797 | D:1      | Reached XP level 3. HP: 20/20 MP: 5/5
   849 | D:1      | 849 ||| DRINKING 2 viscous grey potions.
   850 | D:1      | 850 ||| DROPPING scroll of butterflies.
   851 | D:1      | 851 ||| DROPPING potion of brilliance.
  1061 | D:2      | Noticed Terence
  1070 | D:2      | HP: 1/17 [Terence/the +7 Throatcutter {drain, coup de
                  | grace} (4)]
  1070 | D:2      | Slain by Terence

Levels and vault maps discovered:
D:1:      roderic_octagonal_star, layout_loops_corners,
          ebering_ecumenical_altar_rust, minivault_27, hangedman_decor_growths
D:2:      minmay_chambers_of_ones, layout_loops_ring, basic_altar, uniq_terence

Skill      XL: |  1  2 |
---------------+-------+-----
Ranged Weapons | 6 |  6.8
Fighting       | |  1.5
Dodging        | |  2.4
Stealth        | |  1.2

Action                     || total
---------------------------++-------
   Fire: Shortbow          ||    83
    Use: Potion            ||     1
 Armour: Leather armour    ||    16
  Dodge: Dodged            ||    25

Table legend:
 A = Non-vault XP
 B = Vault XP
 C = Vault XP percentage of total XP
 D = Non-vault monster count
 E = Vault monster count
 F = Vault count percentage of total count
                 A         B        C        D         E       F
            +---------+---------+-------+---------+---------+-------
      Total |      51 |       0 |   0.0 |      30 |       0 |   0.0
            +---------+---------+-------+---------+---------+-------
        D:1 |      41 |       0 |   0.0 |      25 |       0 |   0.0
        D:2 |      10 |       0 |   0.0 |       5 |       0 |   0.0
            +---------+---------+-------+---------+---------+-------
